 Seeded DCSS version 0.25.1-11-g244df3a29b (webtiles) character file.

Game seed: 20220310 (custom seed)

18 NoSkeletonsAllowed the Insei (level 2, 0/18 HPs)
             Began as an Octopode Transmuter on Mar 10, 2022.
             Slain by a gnoll (4 damage)
             ... on level 1 of the Dungeon.
             The game lasted 00:02:21 (673 turns).

NoSkeletonsAllowed the Insei (Octopode Transmuter)   Turns: 673, Time: 00:02:22

Health: 0/18       AC:  1    Str:  9    XL:     2   Next: 66%
Magic:  5/5        EV: 13    Int: 15    God:
Gold:   38         SH:  0    Dex: 12    Spells: 4/5 levels left

rFire    . . .     SeeInvis .   e - +0 whip
rCold    . . .     Gourm    .   (no shield)
rNeg     . . .     Faith    .   (helmet restricted)
rPois    .         Spirit   .   (no amulet)
rElec    .         Reflect  .   (no ring)
rCorr    .         Harm     .   (no ring)
MR       .....                  (no ring)
Stlth    ++........             (no ring)
HPRegen  0.06/turn              (no ring)
MPRegen  0.09/turn              (no ring)
                                (no ring)
                                (no ring)

@: no status effects
A: almost no armour, stealthy swim, amphibious, 8 rings, constrict 8, camouflage
1, gelatinous body 1
a: no special abilities


You were on level 1 of the Dungeon.
You were not hungry.

You visited 1 branch of the dungeon, and saw 1 of its levels.

You collected 38 gold pieces.

Inventory:

Hand Weapons
 e - a +0 whip (weapon)
 f - a +0 whip
Missiles
 a - 12 arrows
Scrolls
 b - 2 scrolls of blinking {unknown}
 d - a scroll of teleportation {unknown}
Potions
 g - a potion of degeneration {unknown}
Comestibles
 c - a ration
 h - 2 chunks of flesh


   Skills:
 + Level 1.0 Fighting
 + Level 2.0 Dodging
 + Level 3.4 Unarmed Combat
 + Level 2.2 Spellcasting
 + Level 2.2 Transmutations


You had 4 spell levels left.
You knew the following spells:

 Your Spells              Type           Power        Failure   Level  Hunger
a - Beastly Appendage     Tmut           #.....       9%          1    #......

Your spell library contained the following spells:

 Spells                   Type           Power        Failure   Level  Hunger
 Sticks to Snakes         Tmut           #.......     13%         2    ###....
 Spider Form              Tmut/Pois      #.........   38%         3    ###....
 Ice Form                 Ice/Tmut       #.......     80%         4    #####..
 Blade Hands              Tmut           #.........   93%         5    ######.


Dungeon Overview and Level Annotations

Branches:
Dungeon (1/15)

Altars:


Innate Abilities, Weirdness & Mutations

You cannot wear most types of armour.
You are very stealthy in the water. (Stealth+)
You are amphibious.
You can wear up to eight rings at the same time.
You can use your tentacles to constrict eight enemies at once.
Your skin changes colour to match your surroundings (Stealth+).
Your rubbery body absorbs attacks. (AC +1, EV +1)


Message History

You see here a bat corpse.
The goblin hits you but does no damage.
You hit the goblin. You grab the goblin.
The goblin is heavily wounded.
You constrict the goblin. The goblin closely misses you.
You hit the goblin.
You kill the goblin!
A dart slug comes into view.
A gnoll comes into view.
You see here a goblin corpse.
You see here a dark potion.
You hit the gnoll. Your grab misses the gnoll.
The gnoll is moderately wounded.
The gnoll hits you!
Ouch! That really hurt!
* * * LOW HITPOINT WARNING * * *
You hit the gnoll but do no damage. You grab the gnoll.
The gnoll is moderately wounded.
You constrict the gnoll, but do no damage.
The gnoll hits you.
You die...

#.........# .#
#.......)### .#
#..........# .#
#..........##
#....†......#
.##...>.......##
r......†.!...?.#
...........#.....
.......@..###...#
$...>.g.### #..#
........# (.
w........
.........
.......#.#
....... ..
.....#. ##


You could see a gnoll, a dart slug and a rat.

Vanquished Creatures
  A dart slug (D:1)
  A leopard gecko (D:1)
  2 goblins (D:1)
  2 hobgoblins (D:1)
  4 jackals (D:1)
  2 bats (D:1)
  A rat (D:1)
13 creatures vanquished.

Notes
Turn   | Place    | Note
-------+----------+-------------------------------------------
     0 | D:1      | NoSkeletonsAllowed the Octopode Transmuter began the quest
                  | for the Orb.
     0 | D:1      | Reached XP level 1. HP: 13/13 MP: 3/3
    28 | D:1      | Reached XP level 2. HP: 5/18 MP: 5/5
   673 | D:1      | Slain by a gnoll

Illustrated notes

Levels and vault maps discovered:
D:1:      minmay_arrival_three_doors, layout_rooms, serial_park_tiny_pond

Action                   || total
-------------------------++-------
Melee: Unarmed           ||     9
       Constrict         ||    10
       Tentacles         ||     6
       Whip              ||    34
Armor: Skin              ||     6
Dodge: Dodged            ||    38
